 Dungeon Crawl Stone Soup version 0.19-a0-1188-g4c2e17c (webtiles) character file.

405 Cimanyd the Destroyer (level 6, 0/32 HPs)
             Began as a Tengu Conjurer on Aug 18, 2016.
             Slain by a slave (3 damage)
             ... led by Pikel
             ... on level 4 of the Dungeon.
             The game lasted 00:13:48 (3605 turns).

Cimanyd the Destroyer (Tengu Conjurer)              Turns: 3605, Time: 00:13:49

Health: 0/32       AC:  3    Str:  8    XL:     6   Next: 87%
Magic:  6/10       EV: 13    Int: 22    God:
Gold:   293        SH:  0    Dex: 15    Spells: 3 memorised, 1 level left

rFire  . . .     SeeInvis .     d - +0 dagger
rCold  . . .     Gourm    .     a - +0 robe
rNeg   . . .     Faith    .     (no shield)
rPois  .         Spirit   .     (helmet restricted)
rElec  .         Dismiss  .     (no cloak)
rCorr  .         Reflect  .     j - +0 pair of gloves
MR     .....     Harm     .     (boots unavailable)
Stlth  ++........               p - amulet of magic regeneration
                                (no ring)
                                (no ring)

@: brilliant
A: beak, talons 3, able to fly 1
a: Fly


You were on level 4 of the Dungeon.
You were not hungry.

You visited 1 branch of the dungeon, and saw 4 of its levels.

You collected 293 gold pieces.

Inventory:

Hand Weapons
 d - a +0 dagger (weapon)
Armour
 a - a +0 robe (worn)
 j - a +0 pair of gloves (worn)
Jewellery
 p - an amulet of magic regeneration (around neck)
Scrolls
 e - a scroll of fear {unknown}
 g - a scroll of immolation {unknown}
 h - 4 scrolls of teleportation {unknown}
 k - 2 scrolls of fog {unknown}
 o - a scroll of remove curse {unknown}
 q - 2 scrolls of enchant armour {unknown}
 s - a scroll of identify {unknown}
 v - a scroll of blinking {unknown}
Potions
 m - a potion of flight {unknown}
 n - a potion of mutation {unknown}
 r - a potion of ambrosia {unknown}
 u - a potion of resistance {unknown}
Books
 b - a book of Conjurations

   Spells                             Type                      Level
   a - Magic Dart                     Conjuration                  1
   b - Searing Ray                    Conjuration                  2
   c - Dazzling Spray                 Conjuration/Hexes            3
   d - Fulminant Prism                Conjuration/Hexes            4
   e - Iskenderun's Mystic Blast      Conjuration                  4
   f - Iskenderun's Battlesphere      Conjuration/Charms           5
Comestibles
 c - 3 bread rations
 i - 3 meat rations
 t - a chunk of flesh
 w - a beef jerky


   Skills:
 - Level 2.1 Dodging
 - Level 2.0 Stealth
 - Level 2.0 Spellcasting
 + Level 10.1 Conjurations
 + Level 1.0 Charms


You had one spell level left.
You knew the following spells:

 Your Spells              Type           Power        Failure   Level  Hunger
d - Magic Dart            Conj           ####         1%          1    #......
r - Searing Ray           Conj           ######       1%          2    ##.....
s - Iskenderun's Battles  Conj/Chrm      #####...     4%          5    ######.


Dungeon Overview and Level Annotations

Branches:
Dungeon (4/15)
 Temple: D:4-7

Altars:
Ashenzari
Uskayaw

Shops:
D:4 *

Annotations:
D:2 1 runed door, Terence
D:4 Pikel


Innate Abilities, Weirdness & Mutations

You have a beak for a mouth.
You have claws for feet.
You can fly.


Message History

Pikel is severely wounded.
Pikel hits you with a whip of freezing. Pikel freezes you. The slave hits you!
* * * LOW HITPOINT WARNING * * *
Pikel says, "Slavery isn't that bad."
Pikel sighs. "I should go into elves; they're easier to handle.
And prettier!"
You feel better. The slave hits you. Pikel hits you with a whip of freezing.
* * * LOW HITPOINT WARNING * * *
Pikel freezes you.
* * * LOW HITPOINT WARNING * * *
Okay, then.
Okay, then.
The slave hits you.
* * * LOW HITPOINT WARNING * * *
The slave closely misses you.
You float gracefully downwards.
Okay, then.
It was a potion of brilliance.
You feel clever all of a sudden. The slave hits you.
You die...

#...............# #........##
####............# #..........
##........#...#######...#######
#.........#.............#######
#.........#....................
###.............p..p...).........
#......####.......K..p...........
#......# #......p###............
#......# #.....@.# ########.....
#......# #.......# #.....
######## #.......# #.....
####....# #..... ###### ######


You could see Pikel and 3 slaves.

Vanquished Creatures
  The ghost of marchhare343 the Magician, an amateur HEWz of Vehumet (D:3)
  An ogre (D:3)
  An orc wizard (D:3)
  Natasha (twice) (D:2)
  4 adders
  An ooze (D:1)
  5 worms
  A dart slug (D:2)
  A giant gecko (D:2)
  7 orcs
  A ball python (D:3)
  3 giant cockroaches (D:1)
  8 hobgoblins
  3 jackals (D:1)
  11 bats
  2 giant newts (D:1)
  5 goblins
  8 kobolds
  4 rats
69 creatures vanquished.

Notes
Turn   | Place    | Note
-------+----------+-------------------------------------------
     0 | D:1      | Cimanyd the Tengu Conjurer began the quest for the Orb.
     0 | D:1      | Reached XP level 1. HP: 10/10 MP: 4/4
   195 | D:1      | Reached XP level 2. HP: 15/15 MP: 1/6
   240 | D:1      | Learned a level 2 spell: Searing Ray
   284 | D:1      | Reached skill level 6 in Conjurations
   462 | D:1      | Reached XP level 3. HP: 14/19 MP: 1/7
  1068 | D:2      | Reached skill level 7 in Conjurations
  1302 | D:2      | Found a runed door.
  1339 | D:2      | Noticed a dagger
  1340 | D:2      | Found a hide-covered altar of Uskayaw.
  1341 | D:2      | Noticed a hand axe
  1352 | D:2      | Reached XP level 4. HP: 17/24 MP: 4/8
  1636 | D:2      | Found a shattered altar of Ashenzari.
  1691 | D:2      | Noticed Natasha
  1695 | D:2      | Killed Natasha
  1757 | D:2      | Noticed Terence
  2094 | D:2      | Noticed Natasha
  2101 | D:2      | Killed Natasha
  2101 | D:2      | Reached skill level 8 in Conjurations
  2101 | D:2      | Gained mutation: You can fly. [Tengu growth]
  2101 | D:2      | Reached XP level 5. HP: 15/28 MP: 5/9
  2621 | D:3      | Noticed marchhare343's ghost (amateur HEWz)
  2646 | D:3      | Noticed an ogre
  2651 | D:3      | Killed an ogre
  2651 | D:3      | Reached skill level 9 in Conjurations
  2651 | D:3      | Reached XP level 6. HP: 32/32 MP: 5/10
  2685 | D:3      | Learned a level 5 spell: Iskenderun's Battlesphere
  2703 | D:3      | Killed marchhare343's ghost
  2703 | D:3      | Reached skill level 10 in Conjurations
  3415 | D:3      | Reached skill level 1 in Charms
  3447 | D:4      | Found Buruc's Assorted Antiques.
  3530 | D:4      | Noticed a slave
  3530 | D:4      | Noticed a slave
  3542 | D:4      | Noticed a slave
  3581 | D:4      | Noticed a slave
  3583 | D:4      | Noticed Pikel
  3605 | D:4      | Slain by a slave

Vault maps used:
D:1:      lemuel_arrival_tunnels
D:2:      dancing_weapons_uskayaw, lemuel_crystal_altar, uniq_terence,
          uniq_natasha, uniq_crazy_yiuf_cottage
D:4:      nemelex_xobeh_ov_fountains_minmay, nicolae_overflow_hidden_temple,
          nicolae_overflow_crystal_walls, grunt_gozag_statues, serial_shops,
          shop, shop, nicolae_shop_window_shopping, kennysheep_mini, shop,
          hangedman_abyss_or_decor_stabs, uniq_menkaure, uniq_pikel

Skill      XL: |  1  2  3  4  5  6 |
---------------+-------------------+-----
Conjurations   | 6 7 8 9 10 | 10.1
Charms         | 1 |  1.0
Dodging        | |  2.1
Stealth        | |  2.0
Spellcasting   | |  2.0

Action                   |  1- 3 |  4- 6 || total
-------------------------+-------+-------++-------
Melee: Dagger            |     9 |     6 ||    15
       Peck              |     1 |       ||     1
       Kick              |       |     1 ||     1
 Cast: Magic Dart        |    61 |    59 ||   120
       Searing Ray       |     3 |    14 ||    17
 Abil: Fly               |       |     1 ||     1
  Use: Potion            |       |     4 ||     4
 Stab: Sleeping          |     5 |       ||     5
  Eat: Chunk             |     2 |     9 ||    11
Armor: Robe              |     1 |       ||     1
Dodge: Dodged            |     6 |    27 ||    33
